 Dungeon Crawl Stone Soup version 0.23.1 (webtiles) character file.

Game seed: 12521520492582824318

51 Borgoz the Sneak (level 3, -4/28 HPs)
             Began as a Ghoul Enchanter on Mar 5, 2019.
             Slain by Terence
             ... wielding a +0 mace
              (8 damage)
             ... on level 1 of the Dungeon.
             The game lasted 00:04:41 (2540 turns).

Borgoz the Sneak (Ghoul Enchanter)                  Turns: 2540, Time: 00:04:42

Health: -4/28      AC:  4    Str: 11    XL:     3   Next: 83%
Magic:  1/5        EV: 12    Int: 16    God:
Gold:   122        SH:  0    Dex:  9    Spells: 3/6 levels left

rFire    . . .     SeeInvis .   k - +1 short sword
rCold    + . .     Gourm    .   (no shield)
rNeg     + + +     Faith    .   b - +0 robe
rPois    ∞         Spirit   .   i - +0 helmet
rElec    .         Reflect  .   (no cloak)
rCorr    .         Harm     .   (no gloves)
MR       .....                  h - +0 pair of boots
Stlth    ++........             (no amulet)
HPRegen  0.00/turn              (no ring)
MPRegen  0.09/turn              (no ring)

@: brilliant, rotting
A: rotting body, claws 1, carnivore, cold resistance 1, negative energy
resistance 3, inhibited regeneration, torment resistance, unbreathing
a: no special abilities


You were on level 1 of the Dungeon.
You were not hungry.

You visited 1 branch of the dungeon, and saw 3 of its levels.

You collected 122 gold pieces.

Inventory:

Hand Weapons
 k - a +1 short sword (weapon)
Missiles
 j - 9 poisoned needles
Armour
 b - a +0 robe (worn)
 h - a +0 pair of boots (worn)
 i - a +0 helmet (worn)
 o - a +1 leather armour of fire resistance
Scrolls
 c - 2 scrolls of identify
 e - a scroll of immolation
 g - a scroll of amnesia {unknown}
 m - 2 scrolls of remove curse {unknown}
Potions
 n - a potion of brilliance
Comestibles
 d - 3 rations


   Skills:
 + Level 1.0 Fighting
 * Level 1.4 Short Blades
 + Level 0.8 Armour
 * Level 2.2 Dodging
 + Level 3.5 Stealth
 + Level 2.0 Spellcasting
 * Level 2.7 Hexes


You had 3 spell levels left.
You knew the following spells:

 Your Spells              Type           Power        Failure   Level  Hunger
a - Corona                Hex            ###....      1%          1    #......
b - Ensorcelled Hibernat  Hex/Ice        ###...       2%          2    ###....

Your spell library contained the following spells:

 Spells                   Type           Power        Failure   Level  Hunger
 Confuse                  Hex            ###.....     2%          3    ###....
 Tukima's Dance           Hex            ###.....     2%          3    ###....
 Dazzling Spray           Conj/Hex       ###...       4%          3    ###....


Dungeon Overview and Level Annotations

Branches:
Dungeon (3/15)

Altars:
Nemelex Xobeh

Annotations:
D:1 Terence


Innate Abilities, Weirdness & Mutations

Your body is rotting away.
You thrive on raw meat.
You are immune to poison.
You have sharp fingernails.
You are carnivorous and can eat meat at any time.
Your flesh is cold resistant. (rC+)
You are immune to negative energy. (rN+++)
You do not regenerate when monsters are visible.
You are immune to unholy pain and torment.
You can survive without breathing.


Message History

Casting: Ensorcelled Hibernation (safe; 2% risk of failure)
Confirm with . or Enter, or press ? or * to list all spells.
You don't have enough magic to cast that spell.
Terence says, "How do you enjoy it?"
Casting: Ensorcelled Hibernation (safe; 2% risk of failure)
Confirm with . or Enter, or press ? or * to list all spells.
Aiming: Ensorcelled Hibernation (safe; 2% risk of failure)
Press: ? - help, Shift-Dir - straight line, f/p - Terence
Aim: Terence, wielding a +0 mace and wearing a cursed +0 chain mail (moderately wounded, chance to defeat MR: 54%) Terence resists with significant effort.
Terence hits you with a +0 mace.
* * * LOW HITPOINT WARNING * * *
As you read the scroll labeled FOTAOTT OPREF, it crumbles to dust.
It is a scroll of identify.
e - a scroll of immolation
As you read the scroll labeled LANLIZ XOFF, it crumbles to dust.
It is a scroll of enchant weapon.
Your +0 short sword glows red for a moment.
Terence hits you with a +0 mace!
You die...

#.# ##'## #.# #.# #.#
#######.# ###.# #.#
#.......#
....########.###.####..#
##.###..).....##.####..#
#.###.###.....#.......#
#............##...##.##
#####.##.#..###.#.##.#
#.##......@@..##.#
#.#####.###......#
#....(..# ########
#########


You could see Terence.

Vanquished Creatures
  3 oozes
  A worm (D:2)
  4 dart slugs
  A giant cockroach (D:1)
  4 goblins
  3 hobgoblins (D:1)
  4 kobolds
  4 bats (D:1)
  2 frilled lizards (D:1)
  4 rats
30 creatures vanquished.

Notes
Turn   | Place    | Note
-------+----------+-------------------------------------------
     0 | D:1      | Borgoz the Ghoul Enchanter began the quest for the Orb.
     0 | D:1      | Reached XP level 1. HP: 14/14 MP: 2/2
    19 | D:1      | Reached skill level 1 in Short Blades
   337 | D:1      | Reached XP level 2. HP: 19/20 MP: 3/3
   742 | D:1      | Learned a level 2 spell: Ensorcelled Hibernation
   920 | D:1      | Reached XP level 3. HP: 17/27 MP: 4/4
  1210 | D:1      | Found a sparkling altar of Nemelex Xobeh.
  1746 | D:2      | Reached skill level 1 in Fighting
  2402 | D:2      | Noticed Terence
  2540 | D:1      | Slain by Terence

Skill      XL: |  1  2  3 |
---------------+----------+-----
Short Blades   | 1 |  1.4
Dodging        | 2 |  2.2
Fighting       | 1 |  1.0
Spellcasting   | 2 |  2.0
Armour         | |  0.8
Stealth        | |  3.5
Hexes          | |  2.7

Action                   || total
-------------------------++-------
Melee: Dagger            ||    62
       Short sword       ||    45
 Cast: Ensorcelled Hiber ||    13
       Corona            ||     1
  Use: Scroll            ||     2
       Potion            ||     2
 Stab: Sleeping          ||    17
  Eat: Chunk             ||     9
Armor: Robe              ||    12
Dodge: Dodged            ||    45
